 Dungeon Crawl Stone Soup version 0.23.0 (webtiles) character file.

Game seed: 15516323657581099587

44 Monsterracer the Poker (level 3, -7/30 HPs)
             Began as a Centaur Warper on Feb 16, 2019.
             Mangled by Sigmund
             ... wielding a +0 scythe
              (10 damage)
             ... on level 2 of the Dungeon.
             The game lasted 00:02:16 (1640 turns).

Monsterracer the Poker (Centaur Warper)             Turns: 1640, Time: 00:02:17

Health: -7/30      AC:  4    Str: 14    XL:     3   Next: 41%
Magic:  5/5        EV:  9    Int: 12    God:
Gold:   61         SH:  0    Dex:  8    Spells: 5/5 levels left

rFire    . . .     SeeInvis .   a - +0 spear
rCold    . . .     Gourm    .   (no shield)
rNeg     . . .     Faith    .   b - +0 leather armour
rPois    .         Spirit   .   (no helmet)
rElec    .         Reflect  .   (no cloak)
rCorr    .         Harm     .   (no gloves)
MR       .....                  (no barding)
Stlth    ..........             (no amulet)
HPRegen  0.10/turn              (no ring)
MPRegen  0.09/turn              (no ring)

@: very quick
A: large, hooves 3, deformed body, speed 2, tough skin 3
a: no special abilities


You were on level 2 of the Dungeon.
You were not hungry.

You visited 1 branch of the dungeon, and saw 2 of its levels.

You collected 61 gold pieces.

Inventory:

Hand Weapons
 a - a +0 spear (weapon)
Armour
 b - a +0 leather armour (worn)
Scrolls
 g - a scroll of noise {unknown}
 h - 3 scrolls of identify {unknown}
 j - a scroll of enchant armour {unknown}
 r - 2 scrolls of remove curse
 t - 2 scrolls of teleportation {!r}
 X - 2 scrolls of blinking
Potions
 d - 2 potions of brilliance {unknown}
 e - 2 potions of degeneration {unknown}
 f - a potion of berserk rage {unknown}
 i - 2 potions of haste {unknown}
 k - a potion of heal wounds {unknown}
 l - a potion of curing {unknown}
Comestibles
 c - 2 rations


   Skills:
 + Level 2.7 Fighting
 * Level 3.1 Polearms
 - Level 1.1 Throwing
 - Level 0.6 Armour
 - Level 1.3 Dodging
 - Level 1.5 Spellcasting
   Level 2.6 Translocations


You had 5 spell levels left.
You didn't know any spells.
Your spell library contained the following spells:

 Spells                   Type           Power        Failure   Level  Hunger
 Blink                    Tloc           N/A          19%         2    ###....
 Shroud of Golubria       Chrm/Tloc      #.........   32%         2    ###....
 Gell's Gravitas          Tloc           #.........   36%         3    ####...
 Lesser Beckoning         Tloc           #.........   36%         3    ####...
 Teleport Other           Tloc           #.......     36%         3    ####...
 Passage of Golubria      Tloc           N/A          77%         4    #####..


Dungeon Overview and Level Annotations

Branches:
Dungeon (2/15)

Altars:

Annotations:
D:2 Sigmund


Innate Abilities, Weirdness & Mutations

You have hooves in place of feet.
Armour fits poorly on your strangely shaped body.
You cover ground very quickly.
You have extremely tough skin. (AC +3)


Message History

Sigmund giggles. "Time to reap what you sow."
Sigmund barely misses you.
Attack whom?
Press: ? - help, Dir - move target cursor, f/p - Sigmund
Aim: Sigmund, wielding a +0 scythe, wearing a +0 robe and carrying a wand of random effects (28) (lightly wounded)
You reach to attack!
You closely miss Sigmund.
Sigmund is lightly wounded.
Attack whom?
Press: ? - help, Dir - move target cursor, f/p - Sigmund
Aim: Sigmund, wielding a +0 scythe, wearing a +0 robe and carrying a wand of random effects (28) (lightly wounded)
You reach to attack!
You barely miss Sigmund.
Sigmund is lightly wounded.
Sigmund hits you from afar with a +0 scythe.
You take 3 damage, and have 27/30 hp.
Attack whom?
Press: ? - help, Dir - move target cursor, f/p - Sigmund
Aim: Sigmund, wielding a +0 scythe, wearing a +0 robe and carrying a wand of random effects (28) (lightly wounded)
You reach to attack!
You hit Sigmund.
Sigmund is moderately wounded.
Sigmund says, "I'm your fate." Sigmund closely misses you.
Attack whom?
Press: ? - help, Dir - move target cursor, f/p - Sigmund
Aim: Sigmund, wielding a +0 scythe, wearing a +0 robe and carrying a wand of random effects (28) (moderately wounded)
You reach to attack!
You hit Sigmund but do no damage.
Sigmund is moderately wounded.
Attack whom?
Press: ? - help, Dir - move target cursor, f/p - Sigmund
Aim: Sigmund, wielding a +0 scythe, wearing a +0 robe and carrying a wand of random effects (28) (moderately wounded)
You reach to attack!
You hit Sigmund.
Sigmund is moderately wounded.
Sigmund hits you from afar with a +0 scythe!
You take 8 damage, and have 19/30 hp.
MASSIVE DAMAGE!!
You are too injured to fight recklessly!
You are too injured to fight recklessly!
You are too injured to fight recklessly!
Evoke which item? (* to show all) (? for menu, Esc to quit)
Okay, then.
Attack whom?
Press: ? - help, Dir - move target cursor, f/p - Sigmund
Aim: Sigmund, wielding a +0 scythe, wearing a +0 robe and carrying a wand of random effects (28) (moderately wounded)
You reach to attack!
You closely miss Sigmund.
Sigmund is moderately wounded.
Attack whom?
Press: ? - help, Dir - move target cursor, f/p - Sigmund
Aim: Sigmund, wielding a +0 scythe, wearing a +0 robe and carrying a wand of random effects (28) (moderately wounded)
You reach to attack!
You closely miss Sigmund.
Sigmund is moderately wounded.
Sigmund closely misses you.
Attack whom?
Press: ? - help, Dir - move target cursor, f/p - Sigmund
Aim: Sigmund, wielding a +0 scythe, wearing a +0 robe and carrying a wand of random effects (28) (moderately wounded)
You reach to attack!
You hit Sigmund.
Sigmund is heavily wounded.
Sigmund hits you but does no damage.
Unknown command.
Attack whom?
Press: ? - help, Dir - move target cursor, f/p - Sigmund
Aim: Sigmund, wielding a +0 scythe, wearing a +0 robe and carrying a wand of random effects (28) (heavily wounded)
You reach to attack!
You hit Sigmund.
Sigmund is severely wounded.
Attack whom?
Press: ? - help, Dir - move target cursor, f/p - Sigmund
Aim: Sigmund, wielding a +0 scythe, wearing a +0 robe and carrying a wand of random effects (28) (severely wounded)
You reach to attack!
You hit Sigmund but do no damage.
Sigmund is severely wounded.
Sigmund casts a spell at you.
You are confused.
You're too confused!
Unknown command.
Sigmund hits you but does no damage.
You climb upwards.
There is a stone staircase leading down here.
You start resting.
You feel less confused.
You climb downwards.
Level annotation: Sigmund The goblin hits you but does no damage.
Sigmund gestures at you while chanting. You resist with significant effort.
The goblin hits you with a +0 dagger.
There is a stone staircase leading up here.
You closely miss Sigmund.
Sigmund is severely wounded.
Sigmund hits you with a +0 scythe!
* * * LOW HITPOINT WARNING * * *
The goblin hits you but does no damage.
You take 10 damage, and have 10/30 hp.
MASSIVE DAMAGE!!
You barely miss Sigmund.
Sigmund is severely wounded.
The goblin hits you but does no damage.
You barely miss Sigmund.
Sigmund is severely wounded.
Sigmund hits you with a +0 scythe!
* * * LOW HITPOINT WARNING * * *
The goblin barely misses you.
You take 7 damage, and have 3/30 hp.
MASSIVE DAMAGE!!
You closely miss Sigmund. Your kick misses Sigmund.
Sigmund is severely wounded.
Sigmund hits you with a +0 scythe!
You die...

#...........
#########.##......##
#.......#.##......#
#.#####.#g##......#
#.#...#.#.##......#
#.##..#)#(##....####
#.#...#.#'#####.....
#.#.@##..(.# ######
#.#@g.'....#
#.#####....# ..
#.[.......## ...
########### ... g..
..g ... ... ...


You could see Sigmund and a goblin.

Vanquished Creatures
  2 adders (D:2)
  2 giant cockroaches
  3 goblins
  4 hobgoblins
  4 jackals (D:1)
  A ball python (D:1)
  3 bats
  2 frilled lizards (D:1)
  3 kobolds
  A rat (D:1)
25 creatures vanquished.

Notes
Turn   | Place    | Note
-------+----------+-------------------------------------------
     0 | D:1      | Monsterracer the Centaur Warper began the quest for the
                  | Orb.
     0 | D:1      | Reached XP level 1. HP: 17/17 MP: 3/3
    56 | D:1      | Reached skill level 2 in Polearms
   240 | D:1      | Reached XP level 2. HP: 24/24 MP: 4/4
  1374 | D:2      | Reached XP level 3. HP: 26/30 MP: 5/5
  1413 | D:2      | Reached skill level 3 in Polearms
  1428 | D:2      | Noticed Sigmund
  1637 | D:2      | HP: 10/30 [Sigmund/+0 scythe (10)]
  1639 | D:2      | HP: 3/30 [Sigmund/+0 scythe (7)]
  1640 | D:2      | Mangled by Sigmund

Skill      XL: |  1  2  3 |
---------------+----------+-----
Polearms       | 2 3 |  3.1
Fighting       | |  2.7
Throwing       | |  1.1
Armour         | |  0.6
Dodging        | |  1.3
Spellcasting   | |  1.5
Translocations | |  2.6

Action                   || total
-------------------------++-------
Melee: Spear             ||   110
       Kick              ||    10
  Use: Scroll            ||     2
  Eat: Chunk             ||     1
Armor: Leather armour    ||    43
Dodge: Dodged            ||    42

Levels and vault maps discovered:
D:1:      nicolae_arrival_somewhat_less_tricky_arrival, layout_basic
D:2:      layout_basic, uniq_sigmund
